Map: Odyssey LE

Players

Callipygian - Winner!

  • Race: Protoss Protoss
  • League: Silver
  • Spawn Location: 11:00

Salvite

  • Race: Protoss Protoss
  • League: Silver
  • Spawn Location: 5:00

VOD

Have the link to the VOD?

Description

Time

  • Played on: June 4, 2017, 2:16 a.m.
  • Length: 11:21
Show
View Real Time Build Order
Export as new Build Order

Callipygian Protoss - Winner!

Build Orders:  

Get SALT Encoding   

  12  0:01  Probe (Chrono Boost)  
  13  0:11  Probe (Chrono Boost)  
  14  0:19  Pylon  
  14  0:25  Probe (Chrono Boost)  
  15  0:37  Probe (Chrono Boost)  
  15  0:41  Forge  
  16  0:51  Pylon  
  16  0:54  Probe (Chrono Boost)  
  17  1:02  Pylon  
  17  1:06  Probe (Chrono Boost)  
  18  1:17  Pylon  
  18  1:28  Pylon  
  18  1:44  Probe (Chrono Boost)  
  19  1:54  Photon Cannon  
  19  1:55  Probe (Chrono Boost)  
  19  1:59  Pylon  
  20  2:06  Probe (Chrono Boost)  
  21  2:19  Photon Cannon  
  21  2:34  Photon Cannon  
  21  2:40  Probe (Chrono Boost)  
  21  3:03  Nexus  
  21  3:12  Assimilator  
  21  3:14  Gateway  
  21  3:20  Assimilator, Gateway  
  21  3:26  Pylon  
  21  3:30  Pylon  
  21  3:59  Probe (Chrono Boost)  
  21  4:00  Assimilator  
  21  4:02  Assimilator  
  22  4:05  Zealot  
  22  4:09  Probe (Chrono Boost)  
  25  4:13  Pylon  
  25  4:20  Cybernetics Core  
  25  4:21  Probe x2 (Chrono Boost)  
  27  4:25  Zealot  
  27  4:28  Protoss Ground Weapons Level 1  
  29  4:32  Zealot  
  29  4:38  Probe x2 (Chrono Boost)  
  33  4:48  Probe x2 (Chrono Boost)  
  35  4:59  Probe x2 (Chrono Boost)  
  37  5:06  Stalker  
  39  5:09  Probe (Chrono Boost)  
  39  5:10  Mothership Core (Chrono Boost)  
  42  5:19  Stargate  
  42  5:24  Robotics Facility  
  42  5:36  Zealot, Stalker  
  42  5:37  Warp Gate  
  46  5:51  Probe x2 (Chrono Boost)  
  48  6:02  Probe x2 (Chrono Boost)  
  48  6:03  Zealot  
  52  6:06  Stalker, Phoenix  
  56  6:14  Observer  
  57  6:19  Probe x2 (Chrono Boost)  
  57  6:23  Protoss Ground Armor Level 1  
  59  6:37  Nexus  
  59  6:41  Pylon  
  59  6:43  Pylon  
  59  6:46  Pylon  
  61  6:47  Probe x2 (Chrono Boost)  
  61  6:49  Zealot  
  61  6:51  Stalker  
  65  6:58  Phoenix  
  67  7:12  Immortal  
  71  7:17  Probe (Chrono Boost)  
  71  7:18  Probe (Chrono Boost)  
  73  7:23  Phoenix  
  75  7:33  Probe x2 (Chrono Boost)  
  77  7:41  Zealot, Stalker  
  77  7:44  Probe x2 (Chrono Boost)  
  83  7:48  Phoenix  
  86  7:51  Observer  
  90  8:12  Immortal  
  90  8:18  Stalker  
  90  8:19  Stalker  
  94  8:20  Phoenix  
  94  8:22  Probe x3 (Chrono Boost)  
  99  8:29  Stargate  
  99  8:31  Stargate  
  99  8:36  Pylon  
  99  8:56  Stalker x2  
  103  9:10  Probe x3 (Chrono Boost)  
  103  9:16  Phoenix x3  
  112  9:25  Immortal  
  112  9:26  Nexus  
  116  9:39  Twilight Council  
  116  9:41  Void Ray x2  
  124  9:45  Assimilator  
  124  9:47  Assimilator  
  124  9:50  Assimilator  
  124  9:55  Assimilator  
  124  9:58  Pylon  
  124  10:01  Pylon  
  124  10:04  Observer  
  124  10:05  Pylon  
  125  10:10  Probe x2 (Chrono Boost)  
  125  10:13  Probe (Chrono Boost)  
  124  10:17  Stalker x2  
  124  10:20  Phoenix  
  130  10:24  Phoenix x2  
  130  10:45  Phoenix  
  130  10:48  Probe (Chrono Boost)  
  130  10:49  Probe x3 (Chrono Boost)  
  136  10:59  Probe x4 (Chrono Boost)  
  154  11:16  Nexus  
Show
View Real Time Build Order
Export as new Build Order

Salvite Protoss 

Build Orders:  

Get SALT Encoding   

  12  0:01  Probe (Chrono Boost)  
  13  0:11  Probe (Chrono Boost)  
  14  0:25  Pylon  
  14  0:27  Probe (Chrono Boost)  
  15  0:43  Probe (Chrono Boost)  
  15  0:48  Gateway  
  16  0:53  Probe (Chrono Boost)  
  17  1:00  Assimilator  
  17  1:04  Assimilator, Probe (Chrono Boost)  
  18  1:16  Probe (Chrono Boost)  
  19  1:40  Zealot  
  21  1:56  Cybernetics Core  
  21  2:05  Probe (Chrono Boost)  
  22  2:42  Pylon  
  22  2:55  Warp Gate  
  22  3:00  Zealot  
  24  3:07  Pylon  
  24  3:08  Mothership Core (Chrono Boost)  
  25  3:27  Zealot  
  27  3:45  Stargate  
  27  4:04  Probe (Chrono Boost)  
  28  4:16  Probe (Chrono Boost)  
  29  4:24  Pylon  
  29  4:33  Void Ray  
  34  4:45  Probe (Chrono Boost)  
  34  4:56  Probe (Chrono Boost)  
  35  5:10  Nexus  
  35  5:14  Assimilator  
  29  5:57  Void Ray  
  29  6:00  Assimilator  
  33  6:14  Probe (Chrono Boost)  
  34  6:24  Probe (Chrono Boost)  
  35  6:33  Pylon  
  35  6:36  Pylon  
  35  6:40  Void Ray  
  39  6:49  Stargate  
  39  6:59  Probe x2 (Chrono Boost)  
  41  7:09  Probe x2 (Chrono Boost)  
  43  7:22  Protoss Air Weapons Level 1  
  43  7:23  Void Ray  
  47  7:46  Probe x2 (Chrono Boost)  
  53  8:06  Nexus  
  53  8:11  Assimilator  
  53  8:16  Assimilator  
  53  8:19  Pylon  
  49  8:21  Pylon  
  49  8:24  Probe (Chrono Boost)  
  49  8:25  Probe (Chrono Boost)  
  51  8:30  Void Ray x2  
  55  8:58  Probe x2 (Chrono Boost)  
  57  9:09  Probe x2 (Chrono Boost)  
  59  9:13  Void Ray x2  
  59  9:16  Nexus  
  59  9:17  Protoss Air Armor Level 1  
  67  9:19  Pylon  
  67  9:22  Pylon  
  67  9:26  Assimilator  
  67  9:34  Assimilator  
  67  9:55  Void Ray  
  67  9:56  Void Ray  
  55  10:59  Gateway  
  55  11:01  Gateway  
  55  11:03  Gateway  
  55  11:04  Gateway  
  55  11:07  Gateway  
  55  11:08  Gateway  
  55  11:12  Gateway  
  55  11:17  Gateway  
Tags
 
Matchup
PvP
Spawn Locations
Cross Positions
Add a new tag
Caveats
  • Supply blocks, unpowered buildings, or Contaminate may cause inaccurate times.
  • Supply counts are checked every 10 seconds.